 Dungeon Crawl Stone Soup version 0.32-a0-468-g38b2580584 (webtiles) character file.

Game seed: 11841357465928551657

322 timneilson the Ruffian (level 6, -2/42 HPs)
             Began as an Octopode Shapeshifter on Feb 24, 2024.
             Slain by a gnoll
             ... wielding a +0 spear
              (8 damage)
             ... on level 3 of the Dungeon.
             The game lasted 00:05:01 (2222 turns).

timneilson the Ruffian (Octopode Shapeshifter)      Turns: 2222, Time: 00:05:02

Health: -2/42      AC:  1    Str: 16    XL:     6   Next: 47%
Magic:  6/6        EV: 15    Int: 12    God:
Gold:   94         SH:  0    Dex: 23    Spells: 5/5 levels left

rFire   + .          .
                       - Unarmed
rCold   . . .        (no shield)
rNeg    . . .        (helmet currently unavailable)
rPois   .            (no amulet)
rElec   .            f - ring of protection from fire
rCorr   .            g - +6 ring of dexterity
SInv    .            h - +6 ring of dexterity
Will    .....        (no ring)
Stlth   ++++         (no ring)
HPRegen 0.27/turn    (no ring)
MPRegen 0.10/turn    (no ring)
                     (no ring)

%: no passive effects
@: beast-form
A: beast (slay +2), almost no armour, amphibious, 8 rings, camouflage 1,
gelatinous body 1, (nimble swimmer 1), tentacles
a: Begin Untransformation


You were on level 3 of the Dungeon.
You were a hulking beast.
You visited 1 branch of the dungeon, and saw 3 of its levels.

You collected 94 gold pieces.

Inventory:

Jewellery
 f - a ring of protection from fire (left tentacle)
 g - a +6 ring of dexterity (right tentacle)
 h - a +6 ring of dexterity (on tentacle)
Talismans
 b - a beast talisman (active)
 c - a flux talisman
Scrolls
 e - a scroll of identify {unknown}
 j - a scroll of teleportation
 k - a scroll of poison {unknown}
Potions
 a - a potion of lignification
 d - a potion of resistance {unknown}
 i - a potion of might {unknown}
 l - a potion of mutation {unknown}
 m - a potion of curing {unknown}


   Skills:
 * Level 3.0 Fighting
 * Level 3.5 Dodging
 + Level 2.7 Stealth
 * Level 4.1 Unarmed Combat
 * Level 4.0 Shapeshifting


You had 5 spell levels left.
You didn't know any spells.
Your spell library contained the following spells:

 Spells                   Type           Power      Damage    Failure   Level
 Inner Flame              Hex/Fire       0%         N/A       69%         3
 Stone Arrow              Conj/Erth      0%         3d7       69%         3
 Tukima's Dance           Hex            0%         N/A       69%         3
 Passage of Golubria      Tloc           0%         N/A       97%         4
 Irradiate                Conj/Alch      0%         3d11      100%        5
 Yara's Violent Unravell  Hex/Alch       0%         3d3       100%        5
 Ignition                 Fire           0%         3d3       100%        8
 Lehudib's Crystal Spear  Conj/Erth      0%         10d2      100%        8
 Animate Armour           Summ/Erth      Unusable   N/A       N/A         4

Dungeon Overview and Level Annotations

Branches:
Dungeon (3/15)

Altars:
Xom


Innate Abilities, Weirdness & Mutations

You are a hulking beast.
Your limbs bulge with bestial killing power. (Slay +2)
You cannot wear most types of armour.
You are amphibious.
You can wear up to eight rings at the same time.
Your skin changes colour to match your surroundings (Stealth+).
Your rubbery body absorbs attacks. (AC +1, EV +1)
((You are camouflaged when in or above water. (Stealth+)))
You have tentacles for arms and can constrict up to eight enemies at once.


Message History

You tentacle-slap the gnoll. You grab the gnoll. Your squeeze misses the gnoll.
The gnoll is heavily wounded.
You constrict the gnoll.
You hear a shout! x3
You bludgeon the gnoll!
You kill the gnoll!
A gnoll comes into view.
It is wielding a +0 spear and quivering a throwing net.
You see here a +0 flail.
The orc hits you with a +0 falchion! The gnoll misses you.
The gnoll closely misses you.
You completely miss the orc. You grab the orc. You constrict the orc.
The orc misses you. The gnoll closely misses you. x2
You completely miss the orc. Your squeeze misses the orc.
The orc is moderately wounded.
You constrict the orc. The orc hits you with a +0 falchion!
The gnoll barely misses you. x2
You tentacle-slap the orc.
You kill the orc!
The gnoll hits you from afar with a +0 spear!
The gnoll hits you from afar with a +0 spear.
* * * LOW HITPOINT WARNING * * *
The gnoll barely misses you. The gnoll hits you with a +0 spear.
* * * LOW HITPOINT WARNING * * *
Things that are here:
a +0 falchion; a +0 flail You closely miss the gnoll.
You grab the gnoll. You constrict the gnoll.
The gnoll hits you with a +0 spear.
* * * LOW HITPOINT WARNING * * *
The gnoll closely misses you.
You tentacle-slap the gnoll.
The gnoll is heavily wounded.
You constrict the gnoll. The gnoll barely misses you. x2
You tentacle-slap the gnoll.
You kill the gnoll!
The gnoll barely misses you.
Your Fighting skill increases to level 3!
You barely miss the gnoll. Your grab misses the gnoll. You squeeze the gnoll.
The gnoll is moderately wounded.
The gnoll hits you with a +0 spear!
You die...

#.og#.........)).).........).....
#####~~~~~~~~~≈~~....~~~~~~~~~~~~
≈≈≈≈≈≈≈≈≈≈≈≈~~≈≈~....≈≈≈~≈≈≈≈~≈≈≈
~~~~~≈~~~~≈~~~~~~....~~~≈≈≈~~~~~~
....................[............
(...................#############
.#######.#######...## .####
#.##..))$..## ....#
#....###gh################ ....#
#####....................# ....#
#....................# ....#
#........÷...........# ....#
#........############# ....#
#......)........# ....#
##'#'###........# ....#
#####'#'###........# ....#
#.........#........######


You could see a gnoll.

Vanquished Creatures
  2 howler monkeys (D:3)
  A hound (D:3)
  A sleepcap (D:3)
  8 gnolls (D:3)
  3 adders (D:3)
  2 dart slugs (D:1)
  2 ribbon worms (D:2)
  8 orcs (D:3)
  5 ball pythons
  2 bats
  2 endoplasms
  3 giant cockroaches
  2 goblins
  3 hobgoblins (D:2)
  15 jackals
  2 quokkas
  2 frilled lizards (D:3)
  6 kobolds
  2 rats (D:1)
71 creatures vanquished.

Notes
Turn   | Place    | Note
-------+----------+-------------------------------------------
     0 | D:1      | timneilson the Octopode Shapeshifter began the quest for
                  | the Orb.
     0 | D:1      | Reached XP level 1. HP: 13/13 MP: 1/1
   147 | D:1      | Reached XP level 2. HP: 18/18 MP: 2/2
   561 | D:1      | Found a faded altar of an unknown god.
   818 | D:2      | Reached skill level 1 in Stealth
   818 | D:2      | Reached XP level 3. HP: 23/23 MP: 3/3
   989 | D:2      | Found the amulet of the Air {Inacc Air Fly rElec RMsl}
   996 | D:2      | Found a shimmering altar of Xom.
  1299 | D:3      | Reached XP level 4. HP: 3/29 MP: 4/4
  1473 | D:3      | Reached XP level 5. HP: 24/34 MP: 5/5
  1802 | D:3      | Reached XP level 6. HP: 33/41 MP: 6/6
  2222 | D:3      | Slain by a gnoll

Illustrated notes

Levels and vault maps discovered:
D:1:      mainiacjoe_arrival_reflecting_pool, layout_basic,
          shapermc_ecumenical_altar_mp_urbaneastern, dk_noncrumbling_2
D:2:      layout_loops_ring, basic_altar
D:3:      lemuel_castle_with_subvaults [lemuel_castle_interior_original],
          layout_basic, minmay_tree_intersection, grunt_ministairs_10

Skill      XL: |  1  2  3  4  5  6 |
---------------+-------------------+-----
Stealth        | 1 2 |  2.7
Fighting       | 2 3 |  3.0
Dodging        | 3 |  3.5
Unarmed Combat | 4 |  4.1
Shapeshifting  | 4 |  4.0

Action                     |  1- 3 |  4- 6 || total
---------------------------+-------+-------++-------
  Melee: Unarmed           |    57 |    76 ||   133
         Constrict         |    17 |    27 ||    44
         Tentacles         |    10 |    21 ||    31
         Punch             |     1 |     3 ||     4
    Use: Scroll            |     4 |       ||     4
   Stab: Sleeping          |    10 |     2 ||    12
         Distracted        |       |     1 ||     1
 Armour: Skin              |    15 |    22 ||    37
  Dodge: Dodged            |    19 |    45 ||    64

Table legend: (Time is in decaauts)
 A = Elapsed time spent in this place.
 B = Non-inter-level travel time spent in this place.
 C = Inter-level travel time spent in this place.
 D = Time resting spent in this place.
 E = Time spent auto-exploring this place.
 F = Levels seen in this place.
 G = Mean time per level.
                   A        B        C        D        E       F      G
               +--------+--------+--------+--------+--------+-----+--------+
         Total |   2213 |   2191 |     22 |    110 |   1491 |   3 |  737.7 |
       Dungeon |   2213 |   2191 |     22 |    110 |   1491 |   3 |  737.7 |
               +--------+--------+--------+--------+--------+-----+--------+

Top non-repeatable levels by time:
     D:3: 860 daAuts
     D:2: 732 daAuts
     D:1: 620 daAuts
